 Dungeon Crawl Stone Soup version 0.18.1-1-g2f07953 (webtiles) character file.

910 nikopol the Chopper (level 8, -3/106 HPs)
             Began as a Hill Orc Berserker on May 6, 2016.
             Was a Priest of Trog.
             Slain by a wyvern (6 damage)
             ... on level 4 of the Dungeon.
             The game lasted 00:15:40 (5260 turns).

nikopol the Chopper (Hill Orc Berserker)            Turns: 5260, Time: 00:15:40

Health: -3/106     AC:  9    Str: 25    XL:     8   Next: 8%
Magic:  8/8        EV: 12    Int:  7    God:    Trog [***...]
Gold:   136        SH:  0    Dex: 12    Spells: 0 memorised, 7 levels left

rFire  . . .     SeeInvis .     a - +0 hand axe
rCold  . . .     Gourm    .     h - +0 ring mail
rNeg   . . .     Faith    .     (no shield)
rPois  +         Spirit   .     (no helmet)
rElec  .         Dismiss  .     x - +2 cloak {rPois}
rCorr  .         Reflect  .     (no gloves)
SustAt .         Harm     .     (no boots)
MR     .....                    (no amulet)
Stlth  ..........               (no ring)
                                (no ring)

@: berserking, very quick, not resistant to hostile enchantments, extremely
unstealthy
A: no striking features
a: Berserk, Trog's Hand, Burn Spellbooks, Renounce Religion


You were on level 4 of the Dungeon.
You worshipped Trog.
Trog was most pleased with you.
You were not hungry.

You visited 1 branch of the dungeon, and saw 4 of its levels.

You collected 136 gold pieces.

Inventory:

Hand Weapons
 a - a +0 hand axe (weapon)
Armour
 h - a +0 ring mail (worn)
 t - a +0 cloak
 w - a +0 pair of gloves
 x - a +2 cloak of poison resistance (worn)
Jewellery
 y - an uncursed ring of flight {unknown}
Wands
 s - a wand of iceblast (10/15)
Scrolls
 e - 2 scrolls of enchant armour {unknown}
 i - 4 scrolls of identify {unknown}
 k - a scroll of enchant weapon {unknown}
 l - 3 scrolls of teleportation {unknown}
 o - 2 scrolls of magic mapping {unknown}
 p - 3 scrolls of amnesia {unknown}
 r - a scroll of noise {unknown}
 u - a scroll of remove curse {unknown}
Potions
 b - a potion of brilliance {unknown}
 d - 2 potions of ambrosia {unknown}
 j - a potion of heal wounds {unknown}
 m - a potion of curing {unknown}
 n - a potion of invisibility {unknown}
 v - a potion of lignification {unknown}
Comestibles
 c - 4 bread rations
 f - a royal jelly
 q - 9 fruits


   Skills:
 + Level 6.6 Fighting
 + Level 7.2 Axes
 + Level 5.2 Armour
 + Level 3.8 Dodging


You had 7 spell levels left.
You didn't know any spells.

Dungeon Overview and Level Annotations

Branches:
Dungeon (4/15)
 Temple: D:4-7

Altars:
Fedhas
Nemelex Xobeh
Okawaru
The Shining One


Message History

The wyvern is heavily wounded.
The wyvern barely misses you.
You're too hungry to go berserk.
Eat which item? (? for menu, Esc to quit)
The wyvern barely misses you. The wyvern bites you.
* * * LOW HITPOINT WARNING * * *
Mmm...
That's the fabled Pandemonium Pizza!
A red film seems to cover your vision as you go berserk!
You feel yourself moving faster!
You feel mighty!
You feel somewhat more hungry.
The wyvern bites you but does no damage.
You barely miss the wyvern.
The wyvern is heavily wounded.
The wyvern bites you!
* * * LOW HITPOINT WARNING * * *
You hit the wyvern.
The wyvern is severely wounded.
The wyvern hisses menacingly.
The wyvern bites you.
You die...

#.....# #.....# #>....#
#.....# #.>...# #.....#
####.....#########+#####
.#..###...)..........$..
......'.........@l......
[.....#.................
.######.................
##...............##+###.
#...............#
#...............#
##...............#
.................#
.......###'##..


You could see a wyvern.

Vanquished Creatures
  The ghost of no0bjke the Shield-Bearer, an amateur GrFi of Okawaru (D:4)
  Sigmund (D:3)
  A giant frog (D:3)
  A howler monkey (D:4)
  A hound (D:4)
  Crazy Yiuf (D:3)
  An orc priest (D:3)
  Jessica (D:3)
  Terence (D:3)
  Natasha (thrice) (D:3)
  A worker ant (D:4)
  8 gnolls
  5 adders
  An adder zombie (D:3)
  5 worms
  2 dart slugs (D:1)
  4 giant geckos
  4 orcs
  10 bats
  9 giant cockroaches
  9 hobgoblins
  13 jackals
  A quokka (D:3)
  2 ball pythons
  6 giant newts
  9 goblins
  3 kobolds
  3 rats
107 creatures vanquished.

Notes
Turn   | Place    | Note
--------------------------------------------------------------
     0 | D:1      | nikopol the Hill Orc Berserker began the quest for the Orb.
     0 | D:1      | Reached XP level 1. HP: 19/19 MP: 1/1
   130 | D:1      | Reached XP level 2. HP: 15/27 MP: 2/2
   811 | D:1      | Reached XP level 3. HP: 18/33 MP: 3/3
  1419 | D:2      | Reached ** piety under Trog
  1449 | D:2      | Reached XP level 4. HP: 40/41 MP: 4/4
  1838 | D:2      | Found a blossoming altar of Fedhas.
  2733 | D:3      | Reached XP level 5. HP: 28/47 MP: 5/5
  2741 | D:3      | Reached skill level 5 in Axes
  2964 | D:3      | Noticed Natasha
  2984 | D:3      | Killed Natasha
  3254 | D:3      | Reached skill level 5 in Fighting
  3266 | D:3      | Noticed Sigmund
  3282 | D:3      | Killed Sigmund
  3282 | D:3      | Reached XP level 6. HP: 3/56 MP: 6/6
  3574 | D:3      | Found a glowing golden altar of the Shining One.
  3595 | D:3      | Found a faded altar to an unknown god.
  3639 | D:3      | Reached *** piety under Trog
  3689 | D:3      | Noticed Jessica
  3704 | D:3      | Killed Jessica
  4010 | D:3      | Noticed Terence
  4019 | D:3      | Killed Terence
  4019 | D:3      | Reached skill level 6 in Axes
  4019 | D:3      | Reached XP level 7. HP: 62/62 MP: 7/7
  4286 | D:3      | Noticed Natasha
  4301 | D:3      | Killed Natasha
  4462 | D:3      | Noticed Natasha
  4473 | D:3      | Killed Natasha
  4545 | D:3      | Noticed Crazy Yiuf
  4553 | D:3      | Killed Crazy Yiuf
  4970 | D:4      | Noticed no0bjke's ghost (amateur GrFi)
  4991 | D:4      | Killed no0bjke's ghost
  4991 | D:4      | Reached skill level 7 in Axes
  4991 | D:4      | Reached skill level 5 in Armour
  4991 | D:4      | Reached XP level 8. HP: 61/71 MP: 8/8
  5181 | D:4      | Found an iron altar of Okawaru.
  5182 | D:4      | Found a sparkling altar of Nemelex Xobeh.
  5240 | D:4      | Noticed a wyvern
  5259 | D:4      | HP: 3/106 [wyvern (13)]
  5260 | D:4      | Slain by a wyvern

Skill      XL: |  1  2  3  4  5  6  7 |
---------------+----------------------+-----
Fighting       | 4 5 6 |  6.6
Dodging        | 2 3 |  3.8
Armour         | 3 4 5 |  5.2
Axes           | 5 6 7 |  7.2

Action                   |  1- 3 |  4- 6 |  7- 9 || total
-------------------------+-------+-------+-------++-------
Melee: Hand axe          |   135 |   229 |   153 ||   517
Invok: Berserk           |       |     2 |     4 ||     6
  Eat: Chunk             |     2 |     8 |     7 ||    17
       Beef jerky        |       |     1 |       ||     1
       Pizza             |       |       |     1 ||     1
Armor: Animal skin       |    17 |       |       ||    17
       Ring mail         |    50 |    70 |    55 ||   175
Dodge: Dodged            |    87 |   100 |    94 ||   281
